[Event "Titled Tuesday Blitz July 05 Late 2022"]
[White "Tica, Sven"]
[Black "Ibarra Jerez, Jose Carlos"]
[WhiteFideId "14526948"]
[BlackFideId "2226332"]
[WhiteElo "2346"]
[BlackElo "2628"]
[Result "0-1"]
[Round "04"]
[TimeControl "180+1"]
[Date "2022.07.05"]
[WhiteClock "0:00:56"]
[BlackClock "0:02:04"]

1. e4 c5 2. Nc3 a6 3. g3 b5 4. Bg2 Bb7 5. d3 e6 6. f4 d5 7. f5 d4 8. fxe6 fxe6 9. Nce2 e5 10. Nf3 Bd6 11. O-O Nf6 12. Ng5 Bc8 13. a4 b4 14. b3 O-O 15. h3 Nc6 16. Bd2 Ra7 17. Kh2 h6 18. Nf3 Raf7 19. Nh4 Ne7 20. Ng1 g5 21. Nf5 Nxf5 22. exf5 Qc7 23. Qe1 Re8 24. h4 gxh4 25. Bxh6 Ng4+ 26. Kh1 Nxh6 27. Bd5 Bb7 0-1


[Site "https://www.chess.com"]

[Event "Titled Tuesday Blitz July 05 Late 2022"]
[White "Vasquez Schroeder, Rodrigo"]
[Black "So, Wesley"]
[WhiteFideId "3400042"]
[BlackFideId "5202213"]
[WhiteElo "2567"]
[BlackElo "2763"]
[Result "1-0"]
[Round "04"]
[TimeControl "180+1"]
[Date "2022.07.05"]
[WhiteClock "0:01:23"]
[BlackClock "0:00:03"]

1. e4 c5 2. Nf3 d6 3. d4 cxd4 4. Nxd4 Nf6 5. Nc3 a6 6. Bg5 Nbd7 7. Bc4 Qb6 8. Bb3 e6 9. Bxf6 Nxf6 10. Qd2 Be7 11. O-O-O O-O 12. f4 Nd7 13. g4 Nc5 14. g5 Qc7 15. f5 b5 16. f6 Bd8 17. fxg7 Kxg7 18. a3 Kh8 19. Rhf1 Rg8 20. h4 Bb7 21. Qe3 Rg7 22. Kb1 Be7 23. Nde2 Qb6 24. Nf4 Rf8 25. Nh5 Rg6 26. Qd4+ Kg8 27. e5 d5 28. Nf6+ Kh8 29. Qf4 a5 30. h5 Rg7 31. g6 b4 32. Qh6 fxg6 33. Nxh7 1-0


[Site "https://www.chess.com"]

[Event "Titled Tuesday Blitz July 05 Late 2022"]
[White "Veiga, Jose Francisco R P Neves"]
[Black "Fernandez, Fernando"]
[WhiteFideId "1930087"]
[BlackFideId "3802299"]
[WhiteElo "2288"]
[BlackElo "2292"]
[Result "1-0"]
[Round "04"]
[TimeControl "180+1"]
[Date "2022.07.06"]
[WhiteClock "0:00:14"]
[BlackClock "0:00:01"]

1. e4 e5 2. Nf3 Nc6 3. Bb5 a6 4. Ba4 Nf6 5. O-O Be7 6. d3 b5 7. Bb3 d6 8. a4 Bd7 9. c3 Na5 10. Bc2 c5 11. h3 O-O 12. d4 cxd4 13. cxd4 Nc6 14. Nc3 exd4 15. Nxd4 Nxd4 16. Qxd4 Rc8 17. axb5 axb5 18. Bb3 Rc5 19. Bf4 Be6 20. Bxe6 fxe6 21. Ra6 e5 22. Qd1 exf4 23. Qb3+ Kh8 24. f3 Qb8 25. Rd1 Rfc8 26. Qe6 Re5 27. Qf7 Rf8 28. Qb3 b4 29. Ne2 d5 30. Nxf4 dxe4 31. Ne6 exf3 32. Nxf8 Bc5+ 33. Kh1 fxg2+ 34. Kxg2 Rg5+ 35. Kf1 Rg1+ 36. Ke2 Qe5+ 37. Kd2 Rxd1+ 38. Kxd1 Bxf8 39. Qf7 Qh5+ 40. Qxh5 Nxh5 41. Ra5 Nf6 42. Ra8 Kg8 43. Kc2 g5 44. Kd3 Kg7 45. Kd4 h5 46. Ke5 Be7 47. Kf5 g4 48. hxg4 hxg4 49. Ra7 Kf7 50. Ra1 Ke8 51. Rd1 g3 52. Rg1 Kf7 53. Rxg3 Ne8 54. Rh3 Nd6+ 55. Kf4 Nc4 56. Rb3 Bd6+ 57. Kf5 Ke7 58. Rh3 1-0


[Site "https://www.chess.com"]

[Event "Titled Tuesday Blitz July 05 Late 2022"]
[White "Ward, Ieuan C"]
[Black "Matsuura, Frederico"]
[WhiteFideId "406627"]
[BlackFideId "2107848"]
[WhiteElo "2298"]
[BlackElo "2302"]
[Result "0-1"]
[Round "04"]
[TimeControl "180+1"]
[Date "2022.07.06"]
[WhiteClock "0:00:03"]
[BlackClock "0:00:18"]

1. d4 e6 2. c4 d5 3. Nc3 Nf6 4. Bg5 Be7 5. e3 h6 6. Bxf6 Bxf6 7. cxd5 exd5 8. Bd3 c6 9. Nf3 Nd7 10. O-O O-O 11. b4 a6 12. Rc1 Be7 13. Qb3 Nf6 14. a4 Be6 15. b5 axb5 16. axb5 c5 17. Qb1 c4 18. Bf5 Ra3 19. Rfd1 Qd6 20. Bxe6 fxe6 21. e4 Qf4 22. exd5 exd5 23. Ne2 Qg4 24. Ng3 Bd6 25. Qb2 Rb3 26. Qa2 Rxb5 27. Ne5 Bxe5 28. dxe5 Nh5 29. f3 Qg5 30. Rxc4 Qe3+ 31. Kf1 Nxg3+ 32. hxg3 Qxe5 33. Rcd4 Rd8 34. Qa4 Rb2 35. R4d2 Rxd2 36. Rxd2 d4 37. Qb3+ Kh8 38. Qxb7 d3 39. Qb3 Qa1+ 40. Kf2 Qd4+ 41. Kf1 Qe3 42. Qd1 Rd6 43. Qe1 Qd4 44. Qe4 Qc3 45. Qe3 Qc1+ 46. Kf2 Re6 0-1


[Site "https://www.chess.com"]

[Event "Titled Tuesday Blitz July 05 Late 2022"]
[White "Xiong, Jeffery"]
[Black "Abdrlauf, Elham"]
[WhiteFideId "2047640"]
[BlackFideId "1533533"]
[WhiteElo "2714"]
[BlackElo "2429"]
[Result "1/2-1/2"]
[Round "04"]
[TimeControl "180+1"]
[Date "2022.07.05"]
[WhiteClock "0:00:04"]
[BlackClock "0:00:02"]

1. d4 Nf6 2. c4 e6 3. Nc3 d5 4. cxd5 exd5 5. Bg5 c6 6. e3 Bd6 7. Bd3 O-O 8. Nf3 Be6 9. Ne5 c5 10. O-O Nc6 11. Nxc6 bxc6 12. dxc5 Bxc5 13. Rc1 Bd6 14. Na4 Rc8 15. Ba6 Rc7 16. Qd4 h6 17. Bh4 Qe7 18. Nc5 Bc8 19. Bd3 Be5 20. Qb4 Re8 21. Bg3 Bxg3 22. hxg3 Nd7 23. Qd4 Ne5 24. Be2 g6 25. Rc3 h5 26. Rfc1 Bg4 27. Bf1 Bd7 28. Nd3 Nxd3 29. Bxd3 Rb8 30. Rc5 Rcb7 31. R5c2 a5 32. a3 Rb6 33. Be2 Bf5 34. Rxc6 Rxb2 35. Bf3 Rb1 36. Qa4 Be4 37. Qxa5 d4 38. Bxe4 Qxe4 39. Qe1 dxe3 40. fxe3 R8b2 41. Qf1 Qxe3+ 42. Kh2 Rxc1 43. Rxc1 Rb3 44. Rc8+ Kg7 45. Qa1+ f6 46. Rc7+ Kh6 47. Kh1 Rxa3 48. Qf1 Rc3 49. Rd7 Rc1 50. Rd1 Rxd1 51. Qxd1 Qxg3 52. Qd8 Qh4+ 53. Kg1 Qe1+ 54. Kh2 Qe5+ 55. Kh1 Kg5 56. Qd2+ Qf4 57. Qd3 h4 58. Kg1 f5 59. Qd8+ Kg4 60. Qd1+ Kg5 61. Qd8+ Kh5 62. Qd1+ Kh6 63. Qd8 Qe3+ 64. Kh1 Qe1+ 65. Kh2 Qg3+ 66. Kh1 Qe1+ 67. Kh2 Kg7 68. Qc7+ Kf6 69. Qd8+ Qe7 70. Qh8+ Kg5 71. Qd4 f4 72. Qd5+ Kf6 73. Qd4+ Kf5 74. Qd5+ Qe5 75. Qd7+ Kg5 76. Qd8+ Qf6 77. Qd5+ Kh6 78. Qa8 g5 79. Qc8 Qg7 80. Kh3 Qf6 81. Kg4 Kg6 82. Qg8+ Kh6 83. Qe8 Qg6 84. Qh8+ Qh7 85. Qf6+ Qg6 86. Qh8+ Qh7 87. Qf6+ Qg6 88. Qh8+ 1/2-1/2


[Site "https://www.chess.com"]

[Event "Titled Tuesday Blitz July 05 Late 2022"]
[White "Yuan, Qingyu"]
[Black "Bortnyk, Olexandr"]
[WhiteFideId "8609772"]
[BlackFideId "14120828"]
[WhiteElo "2359"]
[BlackElo "2723"]
[Result "0-1"]
[Round "04"]
[TimeControl "180+1"]
[Date "2022.07.05"]
[WhiteClock "0:00:02"]
[BlackClock "0:00:03"]

1. e4 d6 2. d4 Nf6 3. Nc3 Nbd7 4. Nf3 e5 5. Bc4 Be7 6. O-O c6 7. a4 Qc7 8. Re1 h6 9. Nh4 g6 10. Nf3 g5 11. a5 Nf8 12. b4 Ng6 13. Kh1 Kf8 14. Qd3 Nf4 15. Bxf4 gxf4 16. b5 Ng4 17. Rf1 Rg8 18. a6 cxb5 19. Nxb5 Qb6 20. Bd5 Rb8 21. axb7 Bxb7 22. Bxb7 Qxb7 23. Nc3 exd4 24. Nxd4 Rg6 25. Nd5 Bh4 26. Qe2 Qb2 27. Nf3 Bxf2 28. Rxa7 Bxa7 29. Nxf4 Rf6 30. Nd5 Nf2+ 31. Rxf2 Bxf2 32. h3 Qa1+ 33. Kh2 Rxf3 34. Qxf2 Rxf2 35. e5 Qxe5+ 36. Nf4 Qxf4+ 0-1


[Site "https://www.chess.com"]

[Event "Titled Tuesday Blitz July 05 Late 2022"]
[White "Yurasova, Daria"]
[Black "Kopczynski, Michal"]
[WhiteFideId "34146919"]
[BlackFideId "1124200"]
[WhiteElo "2021"]
[BlackElo "2235"]
[Result "1-0"]
[Round "04"]
[TimeControl "180+1"]
[Date "2022.07.06"]
[WhiteClock "0:00:06"]
[BlackClock "0:00:12"]

1. e4 c5 2. Nf3 d6 3. d4 cxd4 4. Nxd4 Nf6 5. Nc3 g6 6. Be3 Bg7 7. f3 O-O 8. Qd2 Nc6 9. O-O-O d5 10. Nxc6 bxc6 11. exd5 cxd5 12. Bh6 Be6 13. Bxg7 Kxg7 14. g4 Qa5 15. Qd4 Kg8 16. h4 Rab8 17. h5 Rb4 18. Qe5 Nd7 19. Qe1 d4 20. hxg6 dxc3 21. gxh7+ Kh8 22. Qxc3+ Nf6 23. a3 Qg5+ 24. Kb1 Rb6 25. Rh5 Qf4 26. g5 Rfb8 27. Ka1 Kg7 28. gxf6+ exf6 29. Bd3 Rh8 30. Rg1+ Kf8 31. Qc5+ Qd6 32. Qxd6+ Rxd6 33. Ra5 Rd7 34. Rc5 Ke7 35. Rh5 Rdd8 36. Rh2 f5 37. Rh5 Kf6 38. Rh6+ Ke7 39. Re1 Rd5 40. b4 Kf8 41. Rh2 Kg7 42. Rg1+ Kf6 43. Kb2 Rd4 44. Rh6+ Ke7 45. Re1 Kf8 46. Rh2 Rf4 47. Rh3 Kg7 48. Rg1+ Kf6 49. Kc3 Ke7 50. Kd2 Bd5 51. Ke3 Rxf3+ 52. Rxf3 Bxf3 53. Kxf3 Rxh7 54. Bxf5 Rh2 55. Rg2 Rh1 56. Re2+ Kd6 57. Bd3 Rh3+ 58. Ke4 Rh6 59. Kd4 Re6 60. Rxe6+ Kxe6 61. Kc5 Kd7 62. a4 Kc7 63. Bf5 Kb7 64. c4 Kc7 65. b5 Kb7 66. a5 Kc7 67. b6+ axb6+ 68. axb6+ Kb7 69. Kb5 Kb8 70. c5 f6 71. c6 Ka8 72. Be4 Kb8 73. c7+ Kc8 74. Kc6 f5 75. Bxf5# 1-0


[Site "https://www.chess.com"]

[Event "Titled Tuesday Blitz July 05 Late 2022"]
[White "Yurovskykh, Oleksandr"]
[Black "Zhigalko, Sergei"]
[WhiteFideId "14134020"]
[BlackFideId "13502956"]
[WhiteElo "2292"]
[BlackElo "2662"]
[Result "0-1"]
[Round "04"]
[TimeControl "180+1"]
[Date "2022.07.05"]
[WhiteClock "0:00:01"]
[BlackClock "0:00:02"]

1. d4 Nf6 2. c4 e6 3. Nc3 Bb4 4. e3 O-O 5. Ne2 d5 6. a3 Be7 7. Ng3 c5 8. dxc5 Bxc5 9. b4 Bb6 10. cxd5 exd5 11. Bd3 Nc6 12. Nce2 d4 13. e4 Ne5 14. O-O Bd7 15. Bf4 Ba4 16. Qd2 Nxd3 17. Qxd3 a6 18. Rac1 Re8 19. Bg5 h6 20. Bxf6 Qxf6 21. Kh1 Bb5 22. Qd2 Rad8 23. f3 Kh7 24. Rfd1 Ba4 25. Re1 g6 26. Nf4 Bc6 27. Nd3 Bc7 28. Nf1 Qh4 29. Qf2 Qe7 30. Nd2 Bb5 31. Nc4 h5 32. Red1 b6 33. Ndb2 Bf4 34. Rc2 Qf6 35. a4 Be3 36. Qe2 Bd7 37. Nxe3 dxe3 38. Qxe3 Bxa4 39. Rxd8 Rxd8 40. Re2 Bb5 41. Re1 Qxb2 42. e5 Qd4 43. Qg5 Qd2 44. Rg1 Qxg5 0-1


[Site "https://www.chess.com"]

[Event "Titled Tuesday Blitz July 05 Late 2022"]
[White "Zajic, Milan"]
[Black "Sanal, Vahap"]
[WhiteFideId "912336"]
[BlackFideId "6300545"]
[WhiteElo "2445"]
[BlackElo "2574"]
[Result "0-1"]
[Round "04"]
[TimeControl "180+1"]
[Date "2022.07.05"]
[WhiteClock "0:00:25"]
[BlackClock "0:00:17"]

1. e4 c5 2. Nf3 Nc6 3. Bb5 g6 4. Bxc6 bxc6 5. O-O Bg7 6. c3 Nf6 7. Re1 O-O 8. d4 cxd4 9. cxd4 d5 10. e5 Ne4 11. Nbd2 c5 12. h3 cxd4 13. Nxd4 Bb7 14. N2f3 Qb6 15. Be3 Qa6 16. a3 f6 17. exf6 Bxf6 18. Rc1 e5 19. Nb3 d4 20. Bh6 Rf7 21. Nc5 Nxc5 22. Rxc5 Qb6 23. b4 e4 24. Ng5 Bxg5 25. Bxg5 d3 26. Qd2 Qd6 27. Rec1 Raf8 28. Be3 Qe6 29. Rc7 h5 30. b5 Kh7 31. a4 Bd5 32. Rxf7+ Rxf7 33. Rc5 Bb7 34. Qc3 Qd7 35. a5 Bd5 36. b6 axb6 37. axb6 Bb7 38. Rc7 Qe6 39. Qc5 Kg8 40. Qc3 Rxc7 41. bxc7 Bc8 42. Qd4 Kf7 43. Bd2 Bd7 44. Bc3 Bc8 45. Qg7+ Ke8 46. Qd4 Qf5 47. Qd8+ Kf7 48. Qd4 g5 49. Qg7+ Ke6 50. Qg8+ Kd6 51. Qd8+ Kc6 52. Qd4 h4 53. Bb4 Kb5 54. Bd2 Kc6 55. Be3 Qe6 56. Qc5+ Kd7 57. Qc3 Qd5 58. Qg7+ Kc6 59. Qxg5 Qxg5 60. Bxg5 Ba6 61. f3 exf3 62. gxf3 Kxc7 63. Kf2 Kd6 64. Ke3 Kd5 65. Bxh4 Kc4 66. Be1 Bc8 67. h4 Bf5 68. h5 Bh7 69. h6 Kd5 70. Kf4 Ke6 71. Kg5 Kf7 72. Bd2 Ke6 73. f4 Bf5 74. Kh5 Bh7 75. Kg5 Bf5 76. Bc3 Bh7 77. Kg4 Bf5+ 78. Kf3 Bh7 79. Ke3 Bf5 80. Bd2 Bh7 81. Kd4 Bf5 82. Kc5 Bh7 83. Kc6 Kf7 84. Kc7 Kg6 85. Kd6 Kxh6 86. Kd5 Kh5 87. Kd4 Kg4 88. Kc3 Bf5 89. Bc1 Kf3 90. Bd2 Ke2 91. Bc1 Kd1 92. Bd2 Bg6 93. Be3 Ke2 94. Bd2 Bf5 95. Bc1 Ke1 96. Bd2+ Kf2 97. Bc1 Bh7 98. Bd2 Ke2 99. Bc1 Bf5 100. Bd2 Bh7 101. Bc1 Kd1 102. Bd2 Be4 103. Bc1 Kxc1 104. f5 d2 105. f6 d1=Q 106. f7 Qd3+ 107. Kb4 Qd6+ 108. Kb5 Bd3+ 109. Ka5 Qd5+ 110. Kb4 Qxf7 111. Kc3 Qc4# 0-1


[Site "https://www.chess.com"]

[Event "Titled Tuesday Blitz July 05 Late 2022"]
[White "Abdrlauf, Elham"]
[Black "Martinez Alcantara, Jose Eduardo"]
[WhiteFideId "1533533"]
[BlackFideId "3805662"]
[WhiteElo "2429"]
[BlackElo "2703"]
[Result "1/2-1/2"]
[Round "05"]
[TimeControl "180+1"]
[Date "2022.07.05"]
[WhiteClock "0:00:31"]
[BlackClock "0:00:29"]

1. e4 e5 2. Nc3 Nf6 3. Bc4 d6 4. Nge2 Be7 5. O-O O-O 6. d4 Nc6 7. h3 Nd7 8. a3 Nb6 9. Ba2 Bf6 10. Be3 exd4 11. Nxd4 Ne5 12. Qe2 Nc6 13. Rad1 Nxd4 14. Bxd4 Bxd4 15. Rxd4 Qf6 16. Rfd1 Be6 17. Bxe6 Qxe6 18. Qd3 a6 19. Nd5 Nxd5 20. exd5 Qf6 21. c3 Rfe8 22. Re4 Re5 23. Rde1 Rae8 24. f4 R5e7 25. Kf2 h5 26. Rxe7 Rxe7 27. Rxe7 Qxe7 28. Qe2 Qf6 29. Kf3 Kf8 30. g4 hxg4+ 31. hxg4 Qh4 32. g5 Qh1+ 33. Qg2 Qd1+ 34. Kg3 g6 35. Qe4 Qg1+ 36. Qg2 Qe1+ 37. Qf2 Qd1 38. Qd4 Qe1+ 39. Kf3 Qh1+ 40. Kg3 Ke8 41. b4 Kd7 42. a4 Qe1+ 43. Kf3 Qf1+ 44. Kg3 Qb1 45. a5 Qc2 46. Kf3 Qf5 47. Kg3 Kc8 48. Qh8+ Kd7 49. Qd4 Qc2 50. Kf3 Qh2 51. c4 Qh3+ 52. Kf2 Qh2+ 53. Kf3 Qh1+ 54. Kg3 Qb1 55. Qf6 Qe1+ 56. Kf3 Qf1+ 57. Kg3 Qg1+ 58. Kf3 Qh1+ 59. Kg3 Qe1+ 60. Kf3 Qe8 61. c5 dxc5 62. bxc5 Kc8 63. c6 bxc6 64. dxc6 Qf8 65. Qb2 Qd6 66. Qh8+ Qd8 67. Qxd8+ Kxd8 68. Ke4 Ke7 69. Ke5 f6+ 70. Kd5 Kf7 71. Kd4 Ke6 72. Ke4 f5+ 73. Ke3 Kd6 74. Kd4 Kxc6 75. Ke5 Kd7 76. Kf6 c5 77. Kxg6 c4 78. Kf7 c3 79. g6 c2 80. g7 c1=Q 81. g8=Q Qc4+ 82. Kg7 Qxf4 83. Qf7+ Kc6 84. Qe6+ Qd6 85. Qxf5 Qd4+ 86. Kg6 Qc4 87. Qe5 Qb4 88. Kf5 Qb5 89. Ke4 Qe2+ 90. Kf5 Qf2+ 91. Ke6 Qa2+ 92. Kf5 Qc4 93. Qe4+ Kc5 94. Qxc4+ Kxc4 95. Ke4 Kb4 96. Kd3 Kb3 97. Kd2 Kb4 98. Kc1 Kxa5 99. Kb1 Kb5 100. Ka1 Ka4 101. Kb1 Kb4 102. Ka1 Ka3 103. Kb1 Kb4 104. Ka1 Ka4 105. Kb1 Kb5 106. Ka1 Ka5 107. Kb1 Kb6 108. Ka1 Ka7 109. Kb1 Kb7 110. Ka1 a5 111. Kb1 Ka6 112. Ka1 Kb6 113. Kb1 Kb5 114. Ka1 Ka4 115. Kb1 Kb4 116. Ka1 Ka3 117. Kb1 Kb3 118. Ka1 Ka3 119. Kb1 Kb4 120. Ka1 Ka4 121. Ka2 Kb5 122. Ka3 a4 123. Ka2 Ka5 124. Ka3 Kb5 125. Ka2 Kb4 126. Kb2 Kc4 127. Ka3 Kb5 1/2-1/2


[Site "https://www.chess.com"]

[Event "Titled Tuesday Blitz July 05 Late 2022"]
[White "Al-Tarboush, Ward"]
[Black "Onslow, Alfie"]
[WhiteFideId "7601450"]
[BlackFideId "436976"]
[WhiteElo "2231"]
[BlackElo "1885"]
[Result "0-1"]
[Round "05"]
[TimeControl "180+1"]
[Date "2022.07.06"]
[WhiteClock "0:00:08"]
[BlackClock "0:00:08"]

1. e4 g6 2. d4 Bg7 3. Be3 c6 4. Nc3 d5 5. e5 h5 6. Nf3 Bg4 7. h3 Bxf3 8. Qxf3 e6 9. Bd3 Ne7 10. g4 Na6 11. Bxa6 bxa6 12. O-O-O Rb8 13. Na4 Qa5 14. b3 c5 15. dxc5 Bxe5 16. Bf4 Qc7 17. Bxe5 Qxe5 18. Kb1 h4 19. Rhe1 Qg7 20. Qf4 O-O 21. Qg5 Nc6 22. Qxh4 Rb4 23. a3 Rb5 24. Qg3 Rfb8 25. Ka2 Ra5 26. Qc3 d4 27. Qc4 d3 28. Rxd3 Ne5 29. Qc3 Nxd3 30. Qxg7+ Kxg7 31. cxd3 Rab5 32. b4 Rd8 33. Re3 Rb7 34. Nc3 Rbd7 35. Ne4 Rxd3 36. Nd6 Rxe3 37. fxe3 Kf6 38. Kb3 Ke7 39. Kc4 f6 40. e4 Kd7 41. e5 f5 42. Nf7 Rf8 43. Nh6 Rh8 44. g5 Kc6 45. Kd4 a5 46. Kc4 axb4 47. axb4 a6 48. h4 f4 49. Kd4 Rb8 50. Ke4 Rxb4+ 51. Kf3 a5 52. h5 gxh5 53. g6 Rb8 54. g7 Kxc5 55. g8=Q Rxg8 56. Nxg8 a4 57. Nf6 a3 58. Ne4+ Kd5 59. Nc3+ Kxe5 60. Na2 Kf5 61. Nb4 e5 62. Kg2 e4 63. Nc2 Kg4 64. Nxa3 e3 65. Nc4 f3+ 66. Kf1 Kf4 67. Nb2 h4 68. Nd3+ Kg3 69. Kg1 h3 70. Kh1 f2 71. Nxf2 Kxf2 72. Kh2 e2 73. Kxh3 e1=Q 74. Kg4 Qe3 75. Kf5 Kf3 76. Kg6 Qf4 77. Kh5 Kg3 78. Kg6 Qe5 79. Kh6 Qf5 80. Kg7 Kg4 81. Kh8 Qg5 82. Kh7 Kf5 83. Kh8 Kf6 0-1


[Site "https://www.chess.com"]

[Event "Titled Tuesday Blitz July 05 Late 2022"]
[White "Ambartsumova, Karina"]
[Black "Omariev, Maksim"]
[WhiteFideId "4166299"]
[BlackFideId "4193423"]
[WhiteElo "2262"]
[BlackElo "2430"]
[Result "1/2-1/2"]
[Round "05"]
[TimeControl "180+1"]
[Date "2022.07.06"]
[WhiteClock "0:00:05"]
[BlackClock "0:00:08"]

1. d4 d5 2. Nf3 Nf6 3. c4 c6 4. g3 Bf5 5. Nc3 e6 6. Qb3 Qb6 7. c5 Qc7 8. Bf4 Qc8 9. Nh4 Bg4 10. Bg2 Nbd7 11. Qc2 Be7 12. O-O Nh5 13. Qd2 Bxh4 14. gxh4 Nxf4 15. Qxf4 Bf5 16. e4 dxe4 17. Bxe4 g6 18. Kh1 Qb8 19. Qh6 Qc7 20. b4 O-O-O 21. Qe3 Nf6 22. f3 Nd5 23. Bxd5 exd5 24. b5 Rhe8 25. Qd2 Qa5 26. Rfc1 Re6 27. bxc6 bxc6 28. Qf4 Rde8 29. h5 Qa3 30. Qd2 Re3 31. Nb1 Qd3 32. Qxd3 Rxd3 33. Nc3 Rxf3 34. Kg2 Rd3 35. Rc2 Rxd4 36. Re2 Rg4+ 37. Kf2 Rxe2+ 38. Nxe2 Rh4 39. hxg6 hxg6 40. Kg3 Re4 41. Nf4 Re3+ 42. Kf2 Rc3 43. Re1 Kd7 44. Ne2 Rxc5 45. Nd4 Rc4 46. Nf3 Rf4 47. Kg3 Re4 48. Rf1 Re3 49. Kf2 Ra3 50. Ne5+ Ke6 51. Nxc6 Rxa2+ 52. Kg3 Kd6 53. Nd4 Ra3+ 54. Kf2 Be4 55. Nb5+ Kc5 56. Nxa3 Kb4 57. Nb1 a5 58. Nd2 Bd3 59. Re1 a4 60. Ke3 Kc3 61. Rc1+ Bc2 62. Ra1 Kb2 63. Re1 a3 64. Kd4 a2 65. Kxd5 Bb1 66. Nxb1 axb1=Q 67. Rxb1+ Kxb1 68. Ke5 f5 69. Kf4 Kc2 70. h4 Kd3 71. h5 gxh5 72. Kxf5 h4 73. Kg4 h3 74. Kxh3 1/2-1/2


[Site "https://www.chess.com"]

[Event "Titled Tuesday Blitz July 05 Late 2022"]
[White "Arabidze, Meri"]
[Black "Vrbljanac, Aleksandar"]
[WhiteFideId "13604040"]
[BlackFideId "932817"]
[WhiteElo "2335"]
[BlackElo "2309"]
[Result "1-0"]
[Round "05"]
[TimeControl "180+1"]
[Date "2022.07.06"]
[WhiteClock "0:00:07"]
[BlackClock "0:00:04"]

1. g3 d5 2. Bg2 g6 3. Nf3 Bg7 4. O-O e5 5. d3 Nc6 6. Nc3 Nge7 7. e4 dxe4 8. dxe4 Qxd1 9. Nxd1 O-O 10. c3 h6 11. Ne3 Be6 12. b3 Rad8 13. Ba3 Rfe8 14. Rfd1 Nc8 15. Nd5 Rd7 16. Rac1 Red8 17. c4 g5 18. Bb2 g4 19. Nh4 Nd4 20. Bxd4 exd4 21. Nf4 c5 22. Bf1 Ne7 23. Be2 Rd6 24. Nxe6 Rxe6 25. Bxg4 Rxe4 26. Bf3 Re6 27. Bxb7 d3 28. Nf3 Bb2 29. Rb1 Bc3 30. Bd5 Nxd5 31. Rxd3 Bd4 32. cxd5 Rxd5 33. Rbd1 Red6 34. Nxd4 cxd4 35. f4 f5 36. Kf2 Kf7 37. Rc1 Rd7 38. Rc4 h5 39. b4 Ke7 40. a4 a6 41. Rc6 R7d6 42. Rc7+ Rd7 43. Rc4 Ke6 44. Kf3 Ke7 45. a5 R7d6 46. Rc7+ Rd7 47. Rc6 R7d6 48. Rc4 Kf6 49. Ke2 Kg6 50. Kd2 h4 51. Kc2 hxg3 52. hxg3 Kh5 53. Kb3 Kg4 54. Rc5 Rd7 55. Kc4 R5d6 56. b5 axb5+ 57. Rxb5 Rc6+ 58. Rc5 Ra6 59. Kb5 Rad6 60. a6 Rd8 61. Rc6 Rd5+ 62. Kb6 Rb8+ 63. Kc7 Ra8 64. Kb7 Rad8 65. a7 R5d7+ 66. Kb6 Ra8 67. Rg6+ Kh3 68. g4+ Kh4 69. gxf5 Raxa7 70. Rd1 Rab7+ 71. Kc5 d3 72. Rh1# 1-0


[Site "https://www.chess.com"]

[Event "Titled Tuesday Blitz July 05 Late 2022"]
[White "Baches Garcia, Guillermo"]
[Black "Raja Rithvik R"]
[WhiteFideId "2209764"]
[BlackFideId "35007394"]
[WhiteElo "2524"]
[BlackElo "2255"]
[Result "0-1"]
[Round "05"]
[TimeControl "180+1"]
[Date "2022.07.06"]
[WhiteClock "0:00:07"]
[BlackClock "0:00:05"]

1. e4 g6 2. d4 Bg7 3. Be3 d6 4. Qd2 Nf6 5. f3 c6 6. g4 Nbd7 7. h4 h5 8. g5 Nh7 9. Nc3 O-O 10. f4 e6 11. f5 exf5 12. exf5 Re8 13. O-O-O Nb6 14. fxg6 fxg6 15. Bd3 Nf8 16. Nge2 d5 17. b3 Qe7 18. Bf4 a5 19. a4 Ne6 20. Bxg6 Nxf4 21. Nxf4 Rf8 22. Nxh5 Bg4 23. Nf6+ Rxf6 24. gxf6 Qxf6 25. Rdg1 Qxg6 26. h5 Qf5 27. h6 Bf6 28. Qg2 Qf4+ 29. Kb1 Qxd4 30. Qxg4+ Kh8 31. Qg7+ Bxg7 32. hxg7+ Kg8 33. Rh8+ Kf7 34. g8=Q+ Rxg8 35. Rhxg8 Qxc3 36. R8g3 Qf6 37. Rh1 Nd7 38. Rgg1 Ne5 39. Rf1 Nf3 40. Rh3 Nd2+ 41. Ka2 Nxf1 0-1


[Site "https://www.chess.com"]

[Event "Titled Tuesday Blitz July 05 Late 2022"]
[White "Barp, Alberto"]
[Black "Boder, Jan"]
[WhiteFideId "872555"]
[BlackFideId "16243226"]
[WhiteElo "2229"]
[BlackElo "2064"]
[Result "1-0"]
[Round "05"]
[TimeControl "180+1"]
[Date "2022.07.05"]
[WhiteClock "0:00:18"]
[BlackClock "0:00:03"]

1. d4 Nf6 2. c4 c5 3. d5 b5 4. cxb5 a6 5. bxa6 g6 6. Nc3 Bg7 7. e4 O-O 8. Nf3 Qa5 9. Bd2 Bxa6 10. Be2 Qb4 11. e5 Ne4 12. a3 Nxc3 13. Bxc3 Qe4 14. h4 d6 15. h5 dxe5 16. hxg6 hxg6 17. Rh4 Qxe2+ 18. Qxe2 Bxe2 19. Kxe2 Rd8 20. Rd1 Nd7 21. d6 exd6 22. Rxd6 f6 23. Nd2 Nf8 24. Rc6 Rac8 25. Ra6 Kf7 26. Ne4 Ra8 27. Rxa8 Rxa8 28. Nxc5 f5 29. Rb4 Ra7 30. f3 Ne6 31. Nxe6 Kxe6 32. Rb6+ Kd5 33. Rxg6 Bf8 34. Rg8 Bd6 35. Rd8 Ke6 36. Re8+ Kd5 37. Rc8 Rb7 38. Ra8 Kc4 39. Ra6 Kd5 40. Ra5+ Ke6 41. Kd3 Rg7 42. Ra6 Kd5 43. f4 e4+ 44. Kc2 Rxg2+ 45. Kb3 e3 46. Ra8 Bxf4 47. Re8 e2 48. a4 Bg3 49. a5 f4 50. a6 f3 51. a7 e1=Q 52. a8=Q+ Kd6 53. Qd8+ Kc5 54. Bxe1 Bxe1 55. Rxe1 f2 56. Qc7+ Kd4 57. Qe5+ Kd3 58. Qe4+ Kd2 59. Qe3# 1-0


[Site "https://www.chess.com"]

[Event "Titled Tuesday Blitz July 05 Late 2022"]
[White "Bazeev, German"]
[Black "Hardaway, Brewington"]
[WhiteFideId "24119350"]
[BlackFideId "30941849"]
[WhiteElo "2493"]
[BlackElo "1813"]
[Result "0-1"]
[Round "05"]
[TimeControl "180+1"]
[Date "2022.07.06"]
[WhiteClock "0:00:12"]
[BlackClock "0:01:19"]

1. d4 Nf6 2. Nf3 g6 3. c4 Bg7 4. Nc3 d5 5. cxd5 Nxd5 6. Qa4+ Bd7 7. Qa3 Bc6 8. Bg5 h6 9. Bh4 Nd7 10. e3 N7f6 11. Be2 O-O 12. Ne5 Qd6 13. Qxd6 cxd6 14. Nxc6 bxc6 15. Rc1 g5 16. Bg3 Rab8 17. Na4 Rfc8 18. b3 Ne4 19. Bd1 Nb4 20. O-O Nxa2 21. Ra1 Nb4 22. Bg4 e6 23. Rfb1 f5 0-1


[Site "https://www.chess.com"]

[Event "Titled Tuesday Blitz July 05 Late 2022"]
[White "Bilych, Olexiy"]
[Black "Rios Escobar, Adan"]
[WhiteFideId "14156504"]
[BlackFideId "3403645"]
[WhiteElo "2189"]
[BlackElo "2488"]
[Result "1-0"]
[Round "05"]
[TimeControl "180+1"]
[Date "2022.07.05"]
[WhiteClock "0:00:20"]
[BlackClock "0:00:04"]

1. e4 c5 2. Nf3 d6 3. d4 cxd4 4. Nxd4 Nf6 5. Nc3 a6 6. Bg5 Nbd7 7. Bc4 Qb6 8. O-O Qc5 9. Bd5 e6 10. Re1 Be7 11. Be3 Qc7 12. Bxe6 O-O 13. Bb3 Ne5 14. h3 b5 15. Nf5 Nc4 16. Nxe7+ Qxe7 17. Bxc4 bxc4 18. Bf4 Rd8 19. Qd4 Be6 20. Bg5 h6 21. Bxf6 Qxf6 22. Qxf6 gxf6 23. Rad1 Rab8 24. b3 Rdc8 25. Re3 f5 26. Rxd6 f4 27. Rf3 a5 28. Nd5 Bxd5 29. exd5 c3 30. Rc6 Rd8 31. Rcxc3 Rxd5 32. Rxf4 Rd1+ 33. Kh2 Ra1 34. a4 Ra2 35. Rc5 Rd8 36. Rfc4 Rd2 37. Kg3 Kg7 38. Rxa5 Rdxc2 39. Rxc2 Rxc2 40. f3 Rb2 41. Rb5 h5 42. h4 Kg6 43. a5 Ra2 44. b4 Kf6 45. Rb6+ Ke5 46. a6 Kd4 47. b5 f5 48. Rb7 Ke3 49. Re7+ Kd4 50. a7 Ra5 51. b6 Ra6 52. b7 Rxa7 53. b8=Q Rxe7 54. Qd6+ 1-0


[Site "https://www.chess.com"]

[Event "Titled Tuesday Blitz July 05 Late 2022"]
[White "Bluebaum, Matthias"]
[Black "Gong, Patrick"]
[WhiteFideId "24651516"]
[BlackFideId "3222500"]
[WhiteElo "2556"]
[BlackElo "2103"]
[Result "1-0"]
[Round "05"]
[TimeControl "180+1"]
[Date "2022.07.05"]
[WhiteClock "0:00:47"]
[BlackClock "0:00:15"]

1. d4 Nf6 2. c4 c5 3. d5 d6 4. Nc3 g6 5. e4 Bg7 6. h3 O-O 7. Nf3 a6 8. a4 a5 9. Be2 e5 10. g4 Na6 11. Be3 Nb4 12. Nd2 b6 13. h4 Ne8 14. Kf1 f5 15. gxf5 gxf5 16. exf5 Bxf5 17. Nde4 Nf6 18. Bf3 Ra7 19. h5 Nxe4 20. Bxe4 Qd7 21. h6 Bf6 22. Qh5 Bxe4 23. Nxe4 Nc2 24. Rc1 Nxe3+ 25. fxe3 Kh8 26. Ke2 Be7 27. Rhf1 Raa8 28. b3 Qe8 29. Rxf8+ Bxf8 30. Qxe8 Rxe8 31. Rf1 Be7 32. Rf7 Kg8 33. Rg7+ Kh8 34. Kd3 Bf8 35. Rd7 Bxh6 36. Nxd6 e4+ 37. Nxe4 Bg7 38. Nd6 h5 39. Nxe8 1-0


[Site "https://www.chess.com"]